 Dungeon Crawl Stone Soup version 0.21-a0-314-gb3271ec (webtiles) character file.

98 Hasart the Cutter (level 5, -8/33 HPs)
             Began as a Kobold Abyssal Knight on Sept 29, 2017.
             Was a Believer of Lugonu.
             Mangled by Sigmund
             ... wielding a +2 scythe of slicing
              (15 damage)
             ... on level 2 of the Dungeon.
             The game lasted 00:04:23 (1785 turns).

Hasart the Cutter (Kobold Abyssal Knight)           Turns: 1785, Time: 00:04:24

Health: -8/33      AC:  3    Str: 16    XL:     5   Next: 1%
Magic:  6/6        EV: 16    Int: 13    God:    Lugonu [**....]
Gold:   92         SH:  0    Dex: 14    Spells: 4/4 levels left

rFire    . . .     SeeInvis .   a - +1 short sword
rCold    . . .     Gourm    .   (shield restricted)
rNeg     . . .     Faith    .   b - +0 leather armour
rPois    .         Spirit   .   (no helmet)
rElec    .         Reflect  .   (no cloak)
rCorr    .         Harm     .   (no gloves)
MR       .....                  (no boots)
Stlth    +.........             (no amulet)
HPRegen  0.11/turn              h - +5 ring of strength
MPRegen  0.10/turn              (no ring)

@: hasted, very quick
A: carnivore 3
a: Depart the Abyss, Bend Space, Renounce Religion


You were on level 2 of the Dungeon.
You worshipped Lugonu.
Lugonu was pleased with you.
You were completely stuffed.

You visited 1 branch of the dungeon, and saw 2 of its levels.
You visited the Abyss 1 time.

You collected 92 gold pieces.

Inventory:

Hand Weapons
 a - a +1 short sword (weapon)
Armour
 b - a +0 leather armour (worn)
Jewellery
 h - a +5 ring of strength (left hand)
Scrolls
 n - a scroll of identify {unknown}
Potions
 i - 2 potions of curing
Comestibles
 c - a meat ration
 j - a chunk of flesh


   Skills:
 + Level 3.8 Fighting
 * Level 4.7 Short Blades
 - Level 0.7 Armour
 + Level 3.9 Dodging
 - Level 2.0 Invocations


You had 4 spell levels left.
You didn't know any spells.

Dungeon Overview and Level Annotations

Branches:
Dungeon (2/15)

Altars:
The Shining One

Annotations:
D:2 Sigmund


Innate Abilities, Weirdness & Mutations

You are small and have problems with some larger weapons.
You are carnivorous and can eat meat at any time.


Message History

You resist with some effort.
Sigmund points at you and mumbles some strange words.
You resist with some effort.
Sigmund hits you from afar with a scythe of slicing.
Sigmund casts a spell.
Sigmund flickers and vanishes!
Deactivating autopickup; reactivate with Ctrl-A.
Unknown command.
It was a potion of haste.
You feel yourself speed up. Something hits you!
* * * LOW HITPOINT WARNING * * *
x2 Unknown command.
You miss something. You miss something. Something hits you but does no damage.
Your leather armour prevents you from hitting something.
You closely miss something. You miss something. Something barely misses you.
You miss something. You closely miss something. You hit something.
Something hits you!
You die...

#
#.....####....#..#..
......
#...................
......
#.....###.....#..#..
. ..... #...(.#
#..[.....# #!..####
####### #........#
#..S.hh. #.##..####
#..l#### #.##.†# #
####.##..#
......{@.#
.....#...:..#
............#
.....#.####.#
.....#. ... #### #.
### #. #.


There were no monsters in sight!

Vanquished Creatures
  4 adders
  2 oozes (D:1)
  A worm (D:2)
  A dart slug (D:1)
  A leopard gecko (D:1)
  9 bats
  4 giant cockroaches
  4 hobgoblins (D:1)
  4 jackals (D:1)
  A quokka (D:2)
  A ball python (D:1)
  3 frilled lizards (D:1)
  6 goblins
  3 kobolds
  5 rats
49 creatures vanquished.

Notes
Turn   | Place    | Note
-------+----------+-------------------------------------------
     0 | Abyss:1  | Hasart the Kobold Abyssal Knight began the quest for the Orb.
     0 | Abyss:1  | Reached XP level 1. HP: 14/14 MP: 2/2
    33 | D:1      | Escaped the Abyss
    74 | D:1      | Reached skill level 3 in Short Blades
    82 | D:1      | Reached XP level 2. HP: 15/19 MP: 3/3
   397 | D:1      | Reached XP level 3. HP: 19/23 MP: 4/4
   415 | D:1      | Reached ** piety under Lugonu
   650 | D:1      | Reached skill level 4 in Short Blades
  1123 | D:1      | Reached XP level 4. HP: 25/28 MP: 5/5
  1133 | D:2      | Found a glowing golden altar of the Shining One.
  1724 | D:2      | Noticed Sigmund
  1733 | D:2      | Reached XP level 5. HP: 33/33 MP: 6/6
  1785 | D:2      | Mangled by Sigmund

Vault maps used:
D:1:      lordsloth_arrival_two_stooges, serial_bayou_pond_c
D:2:      overflow_temple_1_default, grunt_ministairs_15, uniq_terence,
          uniq_sigmund
Abyss:1:  guppyfry_abyss_exit_spiral_guarded

Skill      XL: |  1  2  3 |
---------------+----------+-----
Short Blades   | 3 4 |  4.7
Dodging        | 3 |  3.9
Fighting       | |  3.8
Armour         | |  0.7
Invocations    | |  2.0

Action                   |  1- 3 |  4- 6 || total
-------------------------+-------+-------++-------
Melee: Short sword       |   109 |    73 ||   182
  Use: Scroll            |       |     4 ||     4
       Potion            |       |     4 ||     4
 Stab: Sleeping          |     3 |     1 ||     4
  Eat: Chunk             |     9 |     2 ||    11
Armor: Leather armour    |    24 |    19 ||    43
       Skin              |       |    27 ||    27
Dodge: Dodged            |    89 |    62 ||   151

Table legend:
 A = Spawn XP
 B = Non-spawn XP
 C = Spawn XP percentage of total XP
 D = Spawn monster count
 E = Non-spawn monster count
 F = Spawn count percentage of total count
 G = Total turns spent on level
                    A         B        C        D         E        F      G
               +---------+---------+-------+---------+---------+-------+---------
         Total |       0 |     141 |   0.0 |       0 |      49 |   0.0 |  1785
               +---------+---------+-------+---------+---------+-------+---------
           D:1 |       0 |      82 |   0.0 |       0 |      36 |   0.0 |  1276
           D:2 |       0 |      59 |   0.0 |       0 |      13 |   0.0 |   476
               +---------+---------+-------+---------+---------+-------+---------
